cohdb
Replays
Latest Replays
All Replays
Popular Replays
Top Player Replays
Match Explorer
How It Works
Community
CoH3 Stats
Reddit
Sign in to upload your games and track your stats! →
Sign in with Steam
Match 41989809
Unlisted
Match 41989809
Overview
Messages
Build Orders
End
Construct Infanterie Kompanie
MG 42 Machine Gun Team
Grenadier Squad
Selects Breakthrough Battlegroup
Selects Assault Grenadiers
MG 42 Machine Gun Team
Grenadier Squad
Grenadier Squad
Construct Luftwaffe Kompanie
Support Elements
Wirbelwind Flakpanzer
Medical Station
Grenadier Squad
Selects Breakthrough
Selects Incendiary Bombing Run
Incendiary Bombing Run
Side Skirts
Marder III M Tank Destroyer
Marder III M Tank Destroyer
Selects Rapid Production
Construct Panzergrenadier Kompanie
Panzergrenadier Squad
Panzergrenadier Squad
Incendiary Bombing Run
Construct Panzer Kompanie
Repair Bunker
Selects Blitzkrieg
Breakthrough
Pak 40 Anti-tank Gun Team
Pak 40 Anti-tank Gun Team
Pak 40 Anti-tank Gun Team
Selects Tiger Heavy Tank
Tiger Heavy Tank
Kettenkrad Recon Vehicle
Panzer IV Medium Tank
Panzer IV Medium Tank
Panzer IV Medium Tank
Grenadier Squad
Pak 40 Anti-tank Gun Team
Pak 40 Anti-tank Gun Team
Pioneer Squad
Tiger Heavy Tank
Kenan
shor
Danihell
Sylar
Dawes
J18Smith
boboCATs
boboFISHs
0
0
Comments
sign in to comment!
No comments posted yet!